 Dungeon Crawl Stone Soup version 0.29.0-4-gdea44cf6ec (webtiles) character file.

Game seed: 15013357149857083724

60 qw the Chopper (level 4, -1/26 HPs)
             Began as a Tengu Warper on Aug 28, 2022.
             Slain by a hobgoblin (4 damage)
             ... on level 2 of the Dungeon.
             The game lasted 00:00:05 (924 turns).

qw the Chopper (Tengu Warper)                        Turns: 924, Time: 00:00:06

Health: -1/26      AC: 12    Str: 13    XL:     4   Next: 4%
Magic:  8/8        EV:  6    Int: 14    God:
Gold:   36         SH:  0    Dex: 13    Spells: 7/7 levels left

rFire   . . .      SeeInvis .   Y - +0 hand axe
rCold   . . .      Faith    .   (no shield)
rNeg    . . .      Spirit   .   h - +0 chain mail
rPois   .          Reflect  .   (helmet restricted)
rElec   .          Harm     .   (no cloak)
rCorr   .          Rampage  .   (no gloves)
Will    .....                   (boots unavailable)
Stlth   ..........              (no amulet)
HPRegen 0.08/turn               i - +4 ring of protection
MPRegen 0.11/turn               (no ring)

@: no status effects
A: beak, talons 3
a: no special abilities


You were on level 2 of the Dungeon.
You visited 1 branch of the dungeon, and saw 2 of its levels.

You collected 36 gold pieces.


Innate Abilities, Weirdness & Mutations

You have a beak for a mouth.
You have claws for feet.


   Skills:
 - Level 2.0 Fighting
 + Level 4.6 Axes
 - Level 1.0 Throwing
 - Level 1.1 Armour
 - Level 2.1 Dodging
 - Level 2.0 Spellcasting
 - Level 2.4 Translocations


You had 7 spell levels left.
You didn't know any spells.
Your spell library contained the following spells:

 Spells                   Type           Power      Damage    Failure   Level
 Blink                    Tloc           16%        N/A       99%         2
 Gell's Gravitas          Tloc           8%         N/A       100%        3
 Lesser Beckoning         Tloc           8%         N/A       100%        3
 Teleport Other           Tloc           8%         N/A       100%        3
 Manifold Assault         Tloc           8%         N/A       100%        5

Inventory:

Hand Weapons
 f - a +0 whip
 Y - a +0 hand axe (weapon)
Armour
 h - a +0 chain mail (worn)
Jewellery
 i - a +4 ring of protection (left hand)
Potions
 a - a potion of brilliance {unknown}
 g - a potion of heal wounds {unknown}

Dungeon Overview and Level Annotations

Branches:
Dungeon (2/15)

Altars:


Message History

You feel strangely unstable.
An adder comes into view.
The adder hisses angrily.
Your surroundings suddenly seem different.
A frilled lizard and a hobgoblin come into view.
Found a scroll labelled GUAR ZELECOI.
The frilled lizard hisses angrily.
The hobgoblin shouts!
The hobgoblin hits you but does no damage.
Enter note: You hit the hobgoblin.
Your peck misses the hobgoblin.
The hobgoblin is moderately wounded.
The hobgoblin barely misses you.
You completely miss the hobgoblin.
The hobgoblin is moderately wounded.
The hobgoblin hits you but does no damage.
You completely miss the hobgoblin. Your kick misses the hobgoblin.
The hobgoblin is moderately wounded.
You barely miss the frilled lizard. The hobgoblin hits you.
The frilled lizard bites you but does no damage.
You closely miss the hobgoblin.
The hobgoblin is moderately wounded.
You barely miss the frilled lizard. The hobgoblin barely misses you.
The frilled lizard bites you but does no damage.
You hit the hobgoblin.
The hobgoblin is almost dead.
You barely miss the frilled lizard.
The hobgoblin hits you but does no damage.
The frilled lizard bites you but does no damage.
You closely miss the hobgoblin. Your kick misses the hobgoblin.
The hobgoblin is almost dead.
You hit the frilled lizard. The hobgoblin barely misses you.
The frilled lizard completely misses you.
You hit the hobgoblin but do no damage.
The hobgoblin is almost dead.
You barely miss the frilled lizard. The hobgoblin hits you.
You die...

#.#...
####.#...
#.......#
##......?##
..........
#.......#
#.....l.#
#....g@.#
#.......#
#####.###
#. #. #. #.
..


You could see a hobgoblin and a frilled lizard.

Vanquished Creatures
  A jelly (D:2)
  2 ball pythons (D:1)
  4 bats (D:1)
  2 endoplasms
  4 goblins (D:1)
  3 hobgoblins (D:1)
  2 frilled lizards
  8 kobolds
  2 rats (D:1)
  A toadstool (D:2)
29 creatures vanquished.

Vanquished Creatures (others)
  7 fungi (D:2)
  6 toadstools (D:2)
13 creatures vanquished.

Grand Total: 42 creatures vanquished

Notes
Turn   | Place    | Note
-------+----------+-------------------------------------------
     0 | D:1      | qw the Tengu Warper began the quest for the Orb.
     0 | D:1      | Reached XP level 1. HP: 12/12 MP: 4/4
     0 | D:1      | 0 ||| qw: Version: 0.1-a-89-g26bdef1
     0 | D:1      | 0 ||| qw: Game counter: 2570
     0 | D:1      | 0 ||| qw: Always use a shield: true
     0 | D:1      | 0 ||| qw: God list: Okawaru
     0 | D:1      | 0 ||| qw: Allow faded altars: false
     0 | D:1      | 0 ||| qw: Do Orc after D:15 true
     0 | D:1      | 0 ||| qw: Do second Lair branch before Depths: true
     0 | D:1      | 0 ||| qw: Lair rune preference: random
     0 | D:1      | 0 ||| qw: Plans: Normal
     0 | D:1      | 0 ||| PLANNING D:1-11
   167 | D:1      | Reached skill level 3 in Axes
   167 | D:1      | Reached XP level 2. HP: 16/17 MP: 6/6
   375 | D:1      | 375 ||| Stepping ~*~*~tactically~*~*~ (stealth).
   377 | D:1      | 377 ||| Stepping ~*~*~tactically~*~*~ (stealth).
   725 | D:1      | 725 ||| UPGRADING to +0 chain mail.
   735 | D:1      | 735 ||| DROPPING +0 leather armour.
   736 | D:1      | 736 ||| UPGRADING to +4 ring of protection.
   737 | D:1      | 737 ||| READING scroll labelled OMPAIR PEFABE.
   738 | D:1      | 738 ||| READING 4 scrolls labelled MUHICA PINU.
   743 | D:1      | 743 ||| DROPPING scroll of blinking.
   850 | D:2      | Reached XP level 3. HP: 21/21 MP: 7/7
   883 | D:2      | HP: 2/21 [acid (9)]
   884 | D:2      | 884 ||| READING 3 scrolls of teleportation.
   886 | D:2      | Reached skill level 4 in Axes
   886 | D:2      | Reached XP level 4. HP: 2/26 MP: 8/8
   892 | D:2      | 892 ||| READING 2 scrolls of teleportation.
   915 | D:2      | 915 ||| READING scroll of teleportation.
   920 | D:2      | HP: 3/26 [hobgoblin (1)]
   924 | D:2      | Slain by a hobgoblin

Levels and vault maps discovered:
D:1:      dpeg_arrival_shelter, layout_basic
D:2:      cheibrodos_fertilizer, layout_loops_ring,
          ebering_ecumenical_altar_sacrificial, roderic_st_hans_cross

Skill      XL: |  1  2  3 |
---------------+----------+-----
Axes           | 3 4 |  4.6
Fighting       | |  2.0
Throwing       | |  1.0
Armour         | |  1.1
Dodging        | |  2.1
Spellcasting   | |  2.0
Translocations | |  2.4

Action                   |  1- 3 |  4- 6 || total
-------------------------+-------+-------++-------
Melee: Hand axe          |    44 |    12 ||    56
       Kick              |    10 |     2 ||    12
       Peck              |     3 |     2 ||     5
       Punch             |       |     1 ||     1
Throw: Boomerang         |     7 |       ||     7
  Use: Scroll            |     3 |     2 ||     5
Armor: Leather armour    |     5 |       ||     5
       Chain mail        |    15 |     8 ||    23
Dodge: Dodged            |    16 |     4 ||    20

Table legend:
 A = Non-vault XP
 B = Vault XP
 C = Vault XP percentage of total XP
 D = Non-vault monster count
 E = Vault monster count
 F = Vault count percentage of total count
                 A         B        C        D         E       F
            +---------+---------+-------+---------+---------+-------
      Total |      30 |      56 |  65.1 |      19 |       9 |  32.1
            +---------+---------+-------+---------+---------+-------
        D:1 |      29 |       0 |   0.0 |      18 |       0 |   0.0
        D:2 |       1 |      56 |  98.2 |       1 |       9 |  90.0
            +---------+---------+-------+---------+---------+-------
